 Dungeon Crawl Stone Soup version 0.15.0-23-gc2b521c (webtiles) character file.

5287 Ratboiler the Basher (level 10, -1/97 HPs)
             Began as a Gargoyle Berserker on Sept 8, 2014.
             Was a High Priest of Trog.
             Slain by an iguana (7 damage)
             ... on Level 8 of the Dungeon.
             The game lasted 00:23:19 (8448 turns).

Ratboiler the Basher (Gargoyle Berserker)           Turns: 8448, Time: 00:23:19

HP  -1/97        AC 15     Str 26      XL: 10   Next: 63%
MP   6/10        EV 10     Int  8      God: Trog [*****.]
Gold 516         SH  0     Dex 12      Spells:  0 memorised,  9 levels left

rFire  . . .     SeeInvis +     a - +0 morningstar (venom)
rCold  . . .     Clarity  +     G - +0 ring mail
rNeg   + . .     rCorr    .     (no shield)
rPois  +         rRot     +     (no helmet)
rElec  +         Spirit   .     (no cloak)
SustAb .         Warding  .     (no gloves)
rMut   .         Stasis   .     k - +0 pair of boots
Gourm  .                        (no amulet)
MR     ++...                    s - ring of see invisible
                                f - ring of stealth

@: berserking (expiring), regenerating, very quick, very resistant to hostile
enchantments, extremely unstealthy
A: blink 1, blurry vision 1, clarity, negative energy resistance 1, electricity
resistance, unbreathing, petrification resistance, rot immunity, AC +7
a: Blink, Burn Spellbooks, Berserk, Trog's Hand, Brothers in Arms, Renounce
Religion


You were on level 8 of the Dungeon.
You worshipped Trog.
Trog was extremely pleased with you.
You were not hungry.

You visited 1 branch of the dungeon, and saw 8 of its levels.
You also visited: Ossuary.

You collected 516 gold pieces.

Inventory:

Hand weapons
 a - a +0 morningstar of venom (weapon)
 b - a +1 antimagic great mace
Missiles
 o - 14 tomahawks (quivered)
Armour
 k - a +0 pair of boots (worn)
 G - a +0 ring mail (worn)
 H - a +0 scale mail
Magical devices
 F - a wand of fire (3)
 J - a wand of digging (16)
 K - a wand of digging (13)
 M - a wand of frost (1)
Comestibles
 c - 9 bread rations
 m - a slice of pizza
 x - 4 meat rations
 z - 21 fruits
 L - 2 chunks of orc flesh
Scrolls
 g - 5 scrolls of remove curse
 h - 2 scrolls of brand weapon {unknown}
 i - 2 scrolls of enchant armour
 j - 4 scrolls of fear {unknown}
 n - a scroll of blinking
 p - 2 scrolls of random uselessness {unknown}
 r - 3 scrolls of fog {unknown}
 u - 7 scrolls of teleportation {unknown}
 v - 3 scrolls of recharging
 D - a scroll of amnesia
Jewellery
 f - a ring of stealth (left hand)
 s - a ring of see invisible (right hand)
 A - an uncursed ring of sustain abilities
Potions
 d - 3 potions of restore abilities
 e - 2 potions of haste
 l - a potion of heal wounds
 t - a potion of poison
 w - 2 potions of cure mutation
 B - a potion of might
 E - a potion of invisibility
 I - 2 potions of curing


   Skills:
 + Level 8.9 Fighting
 * Level 11.3 Maces & Flails
 + Level 8.8 Armour
 - Level 1.5 Dodging


You had 9 spell levels left.
You didn't know any spells.

Dungeon Overview and Level Annotations

Branches:
Dungeon (8/15)             Temple (0/1) D:4
   Lair: D:8-11

Altars:
Ashenzari
Cheibriados
Dithmenos
Elyvilon
Makhleb
Nemelex Xobeh
Sif Muna
Trog
Vehumet
Xom
Yredelemnul
The Shining One

Shops:
D:6 %   D:7 (

Annotations:
D:3 letownia's ghost, average FoEE
D:4 exclusion: downstairs


Innate Abilities, Weirdness & Mutations

You are resistant to torment.
You are immune to poison.
Your stone body is very resilient (AC +7).
You resist negative energy.
You are resistant to electric shocks.
You can survive without breathing.
You are immune to petrification.
You are immune to rotting.
You can translocate small distances at will.
Your vision is a little blurry.
You possess an exceptional clarity of mind.


Message History

The orc wizard hits you but does no damage.
The iguana bites you!
* * * LOW HITPOINT WARNING * * *
The orc priest hits you with a hand axe.
* * * LOW HITPOINT WARNING * * *
You impale the orc priest!!
You kill the orc priest!
Trog accepts your kill.
The orc wizard hits you but does no damage.
The orc hits you but does no damage. The scorpion stings you.
* * * LOW HITPOINT WARNING * * *
The iguana barely misses you.
You miss the orc wizard.
The orc wizard hits you but does no damage.
You thump the orc wizard!
The orc wizard is poisoned.
The orc wizard is severely wounded.
The orc wizard closely misses you.
The scorpion stings you but does no damage.
The orc hits you but does no damage. The iguana bites you!
You die...

#.......##.......##...# #
#..)....##.......##...######
#.......##>...........+....'
#.......###########...######
#.............# #...# #
#.............#####...#
#.................#####
#...........l.....#
#..........@s.....#
####......))o.....#
#.........o....#
#..............#
..............#
............. #######.... #
... # #


You could see a scorpion, an iguana, an orc wizard and an orc.

Vanquished Creatures
  Erolcha (D:8)
  The ghost of Ratboiler the Cudgeler, an experienced GrBe of Trog (D:5)
  Maurice (D:8)
  A spriggan (D:8)
  A hungry ghost (D:8)
  2 hippogriffs (D:8)
  A hill giant skeleton (D:8)
  3 orc warriors (D:8)
  2 phantoms
  An ice beast (D:5)
  2 centaurs (D:6)
  A necrophage (D:7)
  Duvessa (D:7)
  A big kobold (D:8)
  5 ogres
  2 elf zombies (Ossuary)
  4 giant frogs
  A gnoll sergeant (D:7)
  A wyvern zombie (D:7)
  3 wights (D:7)
  10 killer bees
  A goliath beetle (D:7)
  Dowan (D:7)
  A centaur skeleton (D:6)
  4 orc priests (D:8)
  A human zombie (Ossuary)
  A crimson imp (D:7)
  A jelly (D:8)
  7 orc wizards
  4 worker ants
  An iguana (D:6)
  A big kobold skeleton (D:7)
  A hound skeleton (D:7)
  A hound zombie (Ossuary)
  4 mummies (Ossuary)
  11 adders
  7 gnolls
  A giant mite (D:2)
  2 worms
  2 adder skeletons
  2 adder zombies (Ossuary)
  5 giant geckos
  12 orcs
  8 giant cockroaches
  10 hobgoblins
  2 quokkas
  8 bats
  6 giant newts
  8 goblins
  A goblin zombie (Ossuary)
  A hobgoblin skeleton (D:5)
  A hobgoblin zombie (Ossuary)
  16 jackals
  A jackal zombie (Ossuary)
  14 kobolds
  2 kobold skeletons
  3 orc zombies
  10 rats
  A rat skeleton (D:8)
208 creatures vanquished.

Vanquished Creatures (others)
  An orc (D:8)
  A kobold (D:8)
  A rat zombie (Ossuary)
3 creatures vanquished.

Grand Total: 211 creatures vanquished

Notes
Turn   | Place    | Note
--------------------------------------------------------------
     0 | D:1      | Ratboiler, the Gargoyle Berserker, began the quest for the Orb.
     0 | D:1      | Reached XP level 1. HP: 14/14 MP: 1/1
   159 | D:1      | Reached XP level 2. HP: 14/19 MP: 2/2
   792 | D:1      | Acquired Trog's second power
  1036 | D:1      | Reached XP level 3. HP: 23/23 MP: 3/3
  1490 | D:2      | Reached XP level 4. HP: 28/29 MP: 4/4
  1494 | D:2      | Reached skill level 4 in Maces & Flails
  1942 | D:2      | Found a shattered altar of Ashenzari.
  2136 | D:3      | Reached XP level 5. HP: 25/33 MP: 5/5
  2165 | D:3      | Gained mutation: You can translocate small distances at will. [potion of mutation]
  2165 | D:3      | Gained mutation: You possess an exceptional clarity of mind. [potion of mutation]
  2165 | D:3      | Gained mutation: Your vision is a little blurry. [potion of mutation]
  2653 | D:3      | Noticed letownia's ghost (average FoEE)
  2708 | D:4      | Found a sand-covered staircase.
  2708 | D:4      | Noticed an ogre
  2716 | Ossuary  | Entered an ossuary
  2764 | Ossuary  | Reached skill level 5 in Maces & Flails
  2772 | Ossuary  | Reached XP level 6. HP: 25/39 MP: 6/6
  3466 | D:4      | Found a staircase to the Ecumenical Temple.
  3482 | D:4      | Killed an ogre
  3482 | D:4      | Reached XP level 7. HP: 31/44 MP: 7/7
  3607 | D:4      | Got a crude ring mail
  3619 | D:4      | Identified the cursed +1 ring mail "Shaheix" {rElec Str+1 Slay-6} (You found it on level 4 of the Dungeon)
  3760 | D:4      | Found a glowing golden altar of the Shining One.
  3769 | D:4      | Noticed an ogre
  3782 | D:4      | Killed an ogre
  3782 | D:4      | Reached skill level 6 in Maces & Flails
  4018 | D:4      | Noticed a phantom
  4104 | D:4      | Killed a phantom
  4104 | D:4      | Reached skill level 5 in Fighting
  4104 | D:4      | Reached skill level 5 in Armour
  4367 | D:5      | Entered Level 5 of the Dungeon
  4413 | D:5      | Noticed Ratboiler's ghost (experienced GrBe)
  4431 | D:5      | Killed Ratboiler's ghost
  4431 | D:5      | Reached skill level 7 in Maces & Flails
  4431 | D:5      | Reached XP level 8. HP: 44/51 MP: 8/8
  5114 | D:5      | Acquired Trog's third power
  5281 | D:5      | Found a basalt altar of Yredelemnul.
  5469 | D:6      | Found Etwax's Food Shop.
  5603 | D:6      | Found a radiant altar of Vehumet.
  5606 | D:6      | Found a basalt altar of Yredelemnul.
  5626 | D:6      | Reached skill level 8 in Maces & Flails
  6072 | D:7      | Reached XP level 9. HP: 56/56 MP: 9/9
  6138 | D:7      | Found a shadowy altar of Dithmenos.
  6644 | D:7      | Noticed Duvessa
  6645 | D:7      | Noticed Dowan
  6648 | D:7      | Reached skill level 9 in Maces & Flails
  6840 | D:7      | Found a burning altar of Makhleb.
  6865 | D:7      | Killed Dowan
  6967 | D:7      | Killed Duvessa
  7000 | D:7      | Found Ucetuck's Antique Weapon Boutique.
  7112 | D:7      | Found a deep blue altar of Sif Muna.
  7855 | D:8      | Reached skill level 10 in Maces & Flails
  7912 | D:8      | Reached XP level 10. HP: 53/64 MP: 10/10
  7970 | D:8      | Found a snail-covered altar of Cheibriados.
  7979 | D:8      | Found a white marble altar of Elyvilon.
  7982 | D:8      | Found a shimmering altar of Xom.
  7983 | D:8      | Found a sparkling altar of Nemelex Xobeh.
  7985 | D:8      | Found a bloodstained altar of Trog.
  8236 | D:8      | Noticed Erolcha
  8236 | D:8      | Noticed Maurice
  8266 | D:8      | Killed Maurice
  8271 | D:8      | Reached skill level 11 in Maces & Flails
  8278 | D:8      | Killed Erolcha
  8280 | D:8      | Received a gift from Trog
  8446 | D:8      | HP: 4/97 [scorpion (5)]
  8448 | D:8      | Slain by an iguana

Action                   |  1- 3 |  4- 6 |  7- 9 | 10-12 || total
-------------------------+-------+-------+-------+-------++-------
Melee: Mace              |    90 |     3 |    96 |       ||   189
       Halberd           |       |   165 |    59 |       ||   224
       Flail             |       |       |   213 |       ||   213
       Morningstar       |       |       |    75 |   109 ||   184
Throw: Tomahawk          |       |       |     3 |       ||     3
Invok: Berserk           |     1 |     3 |     7 |     2 ||    13
       Trog's Hand       |       |       |       |     1 ||     1
Evoke: Wand              |       |       |     3 |       ||     3
  Use: Scroll            |       |     9 |     6 |     1 ||    16
       Potion            |       |     3 |     1 |     2 ||     6
 Stab: Sleeping          |     3 |     4 |     2 |       ||     9
  Eat: Chunk             |     2 |     4 |    18 |     1 ||    25
       Pizza             |       |     1 |     1 |       ||     2
       Bread ration      |       |     1 |       |       ||     1
       Royal jelly       |       |     1 |       |       ||     1
       Fruit             |       |       |     1 |       ||     1
       Meat ration       |       |       |       |     1 ||     1
